[Event "Chess Ladies Graz 2024"]
[Site "Graz"]
[Date "2024.02.29"]
[Round "6.1"]
[White "Daulyte-Cornette, Deimante"]
[Black "Polterauer, Chiara"]
[Result "1-0"]
[ECO "C50"]
[WhiteElo "2372"]
[BlackElo "2189"]
[Annotator "TA"]
[PlyCount "119"]
[EventDate "2024.02.25"]
[EventType "tourn"]
[EventCountry "AUT"]
[SourceTitle "playchess.com"]
[Source "ChessBase"]
[SourceQuality "1"]
[TimeControl "40/5400+30:1800+30"]

1. e4 e5 2. Nf3 Nc6 3. Bc4 Bc5 4. d3 Nf6 5. Nc3 d6 6. Na4 Bb6 {[%emt 0:01:52] C50: Italienische Partie.} 7. a3 Be6 8. Bxe6 fxe6 9. O-O O-O 10. c3 Qe8 11. b4 h6 12. Ra2 Nh5 (12... Qg6 {wäre vielleicht verwirrender.} 13. h3 Nh5 14. Kh2 Nf4) 13. g3 $146 ({Predecessor:} 13. Nxb6 axb6 14. a4 Nf4 15. g3 Ng6 16. Ne1 Rf6 17. Ng2 b5 18. Qb3 bxa4 19. Rxa4 Rxa4 20. Qxa4 {1-0 Kosteniuk,A (2537)-Ovod,E (2185) Wch Rapid (Women) 2022 (2)}) 13... Nf6 14. Nh4 Qh5 15. Qb3 Rae8 16. Nxb6 axb6 17. f3 Nh7 18. Qd1 Rf6 19. f4 Qxd1 20. Rxd1 exf4 21. gxf4 g5 22. Rg2 Kf7 23. fxg5 hxg5 24. Bxg5 Nxg5 25. Rxg5 Rh8 26. Ng2 $1 Ne5 27. Ne1 Rfh6 28. d4 Nc4 29. Nf3 Rh3 30. Kf2 Nxa3 31. Rdg1 Rf8 32. R1g3 Rxg3 33. Rxg3 Nb1 34. Ng5+ Ke7+ 35. Ke2 Rh8 36. h3 Kf6 37. Kd3 b5 38. Nf3 e5 {[%emt 0:02:19] [#]} (38... Na3 $11) 39. h4 $1 $16 Na3 40. Rg5 Nc4 41. h5 Rh6 {[%emt 0:35:31] [#]} 42. Ke2 $1 c6 43. Kf2 b6 (43... Ke7 $16 44. dxe5 dxe5 45. Nxe5 Rf6+ 46. Ke2 Nd6 47. Rg7+ Kf8) 44. Kg3 c5 (44... Ke6 $142 45. Kg4 Ne3+ 46. Kg3 d5 47. Rxe5+ Kd6 48. exd5 Nxd5) 45. Kh4 Rh8 $2 (45... exd4 $16 46. cxd4 cxd4) 46. Rg6+ $18 Ke7 47. dxe5 dxe5 48. h6 cxb4 49. cxb4 Nd6 50. Ng5 Ne8 51. Re6+ Kd7 52. Rxb6 Ke7 53. Rb7+ (53. h7 $142 Kd7 54. Rg6 (54. Rxb5 Nf6 $18) 54... Ke7 55. Rg8 Rxh7+ 56. Nxh7 Nd6 57. Rg7+ Kd8 58. Nf6) 53... Kf6 54. Rb6+ (54. Rxb5 Nd6 55. Rb6 Rxh6+ 56. Kg4 Ke7 $11) (54. Kh5 $18 Ng7+ 55. Kg4 (55. Rxg7 Rxh6+ 56. Kxh6 $11)) 54... Ke7 55. Re6+ Kd7 56. Kg4 (56. Rxe5 Rxh6+ 57. Kg4 Nc7 $14) 56... Nc7 57. Rg6 ({Nicht} 57. Rxe5 Rxh6 58. Rc5 Rh1 $11) 57... Ne8 58. h7 (58. Kf5 $142 Rf8+ 59. Kxe5 Rf1 60. Rg7+ Kd8 61. Rg8 Rh1 62. h7 Ke7 63. h8=Q) 58... Ke7 59. Kf5 Rf8+ 60. Kxe5 1-0

[Event "Chess Ladies Graz 2024"]
[Site "Graz"]
[Date "2024.02.29"]
[Round "6.2"]
[White "Bodnaruk, Anastasia"]
[Black "Trippold, Denise"]
[Result "1-0"]
[ECO "C02"]
[WhiteElo "2340"]
[BlackElo "2141"]
[Annotator "TA"]
[PlyCount "67"]
[EventDate "2024.02.25"]
[EventType "tourn"]
[EventCountry "AUT"]
[SourceTitle "playchess.com"]
[Source "ChessBase"]
[SourceQuality "1"]
[TimeControl "40/5400+30:1800+30"]

1. e4 e6 2. d4 d5 3. e5 c5 4. c3 Nc6 5. Nf3 Bd7 6. Be2 Nge7 7. Na3 cxd4 8. cxd4 Nf5 9. Nc2 Be7 10. g3 O-O 11. h4 f6 12. g4 {[%emt 0:11:51] The position is equal.} Nfxd4 13. Ncxd4 $16 ({Much weaker is} 13. Nfxd4 fxe5 14. Nxc6 Bxc6 $11) 13... Nxe5 14. Rg1 Nc6 (14... Nf7 $14) 15. h5 Rc8 16. Kf1 Qe8 17. b3 Qf7 ({Black should play} 17... Ne5) 18. Bb2 Kh8 {[%emt 0:10:49] [#]} (18... Nb4 $16 19. a3 Nc6) 19. h6 gxh6 {[%emt 0:01:49] Loses the game.} (19... g6 $16) 20. Qd2 Bb4 21. Qxh6 Nxd4 22. Bxd4 {[%emt 0:07:26][%cal Og4g5] Strongly threatening g5!} Bc3 (22... e5 {is a better defense.}) 23. Rd1 Qg6 24. Qe3 Bxd4 25. Qxd4 a6 (25... Bc6 {was necessary.} 26. Qd2 (26. Qxa7 e5 $18) 26... e5) 26. g5 $18 Rc2 27. Bd3 Bb5 28. Bxb5 axb5 29. Re1 Qf5 30. Rg3 e5 31. Qxd5 fxg5 32. Rxe5 Qf4 33. Rexg5 (33. Qxb5 g4 34. Qxb7 Rc1+ 35. Kg2 gxf3+ 36. Qxf3 Qh6 $16) 33... Rcc8 34. Qe5+ {[%emt 0:00:53] Weighted Error Value: White=0.12 (very precise) /Black=0.50.  Mistake:       	White=1     	Black=7      Inaccurate:     	---       	Black=1      OK:         	White=10    	Black=5      Best:        	White=1     	Black=2} 1-0

[Event "Chess Ladies Graz 2024"]
[Site "Graz"]
[Date "2024.02.29"]
[Round "6.3"]
[White "Mayrhuber, Nikola"]
[Black "Mkrtchian, Lilit"]
[Result "0-1"]
[ECO "A90"]
[WhiteElo "2009"]
[BlackElo "2378"]
[Annotator "TA"]
[PlyCount "64"]
[EventDate "2024.02.25"]
[EventType "tourn"]
[EventCountry "AUT"]
[SourceTitle "playchess.com"]
[Source "ChessBase"]
[SourceQuality "1"]
[TimeControl "40/5400+30:1800+30"]

1. d4 e6 2. c4 f5 3. g3 Nf6 4. Bg2 d5 5. Nf3 Bd6 6. O-O c6 7. b3 Qe7 8. Ne5 Nbd7 9. Bb2 Ne4 10. Qc1 Nxe5 {[%emt 0:09:59] White is slightly better.} 11. dxe5 Bc5 12. Ba3 h5 13. Bxe4 {[%emt 0:13:36] [#] Black must now prevent Bxc5.} fxe4 14. Bxc5 Qxc5 15. Qg5 Bd7 16. cxd5 (16. Qg6+ $11 Kf8 17. Nd2) 16... exd5 $15 17. Qg6+ {[%emt 0:01:52] White is on the road to losing.} ({White should play} 17. e6 $1 $15 Bxe6 18. Qg6+ Kd7 19. Qxg7+ Qe7 20. Qxe7+ Kxe7 21. Nc3) 17... Kf8 $17 18. e6 Be8 {[%emt 0:00:25] Inhibits Qf7+.} 19. Qf5+ Kg8 20. Nd2 Qe7 21. b4 Rh6 $1 22. Nb3 (22. b5 $142) 22... Rxe6 $19 23. a3 h4 24. Qh3 hxg3 25. fxg3 Rh6 {[%emt 0:00:18] Prevents Nd4} 26. Qg2 (26. Qf5) 26... Bd7 27. h4 g5 28. Nd4 (28. Rac1 $142) 28... Qg7 29. Rad1 gxh4 30. Rf5 hxg3 {[%emt 0:00:47][%cal Oh6h2] [#] Strongly threatening ...Rh2!} 31. Rf4 Rh2 32. Qf1 Qh6 {[%emt 0:01:10] Weighted Error Value: White=0.68/Black=0.05 (flawless) .  Mistake:       	White=5     	---        Inaccurate:     	White=3     	---        OK:         	White=7     	Black=8      Best:        	White=1     	Black=5      Strong:       	---       	Black=1} 0-1

[Event "Chess Ladies Graz 2024"]
[Site "Graz"]
[Date "2024.02.29"]
[Round "6.4"]
[White "Brunello, Marina"]
[Black "Schloffer, Jasmin-Denise"]
[Result "1/2-1/2"]
[ECO "B12"]
[WhiteElo "2345"]
[BlackElo "2151"]
[Annotator "TA"]
[PlyCount "46"]
[EventDate "2024.02.25"]
[EventType "tourn"]
[EventCountry "AUT"]
[SourceTitle "playchess.com"]
[Source "ChessBase"]
[SourceQuality "1"]
[TimeControl "40/5400+30:1800+30"]

1. e4 c6 2. d4 d5 3. e5 c5 4. Nf3 cxd4 5. Nxd4 Nc6 6. Nxc6 bxc6 7. Bd3 e6 8. O-O {[%emt 0:00:04] The position is equal.} Ne7 9. Nd2 a5 10. Qe2 Ng6 11. g3 {[%emt 0:00:05] Prevents Nf4.} Qc7 12. Re1 Bc5 13. h4 f6 14. Nf3 Nxe5 15. Nxe5 Qxe5 16. Qxe5 fxe5 17. Rxe5 O-O 18. Re2 {[%emt 0:01:09] [#]} e5 $1 {[%emt 0:04:02] Against Bf4. aiming for ...e4.} 19. Be3 $1 Bd6 {[%emt 0:02:15] White must now prevent ...e4.} 20. c3 Bg4 {[%emt 0:06:18][%cal Oe5e4] ...e4! would now be deadly.} 21. Ree1 Rab8 22. Rab1 Rf7 23. Rec1 c5 {[%emt 0:09:35] Weighted Error Value: White=0.06 (flawless) /Black=0.03 (flawless) .  Inaccurate:     	White=1     	---        OK:         	White=6     	Black=5      Strong:       	White=1     	---} 1/2-1/2

[Event "Chess Ladies Graz 2024"]
[Site "Graz"]
[Date "2024.02.29"]
[Round "6.5"]
[White "Atalik, Ekaterina"]
[Black "Froewis, Annika"]
[Result "1-0"]
[ECO "E48"]
[WhiteElo "2405"]
[BlackElo "2133"]
[Annotator "TA"]
[PlyCount "77"]
[EventDate "2024.02.25"]
[EventType "tourn"]
[EventCountry "AUT"]
[SourceTitle "playchess.com"]
[Source "ChessBase"]
[SourceQuality "1"]
[TimeControl "40/5400+30:1800+30"]

1. d4 Nf6 2. c4 e6 3. Nc3 Bb4 4. e3 O-O 5. Bd3 d5 6. Nge2 Re8 7. O-O Bf8 8. e4 dxc4 9. Bxc4 {[%emt 0:00:51][%cal Bd3c4,Bc4b3,Bb3c2][%mdl 32] White is slightly better.} a6 10. e5 Nfd7 11. f4 b5 12. Bb3 c5 13. d5 {[%emt 0:03:07] White is more active.} (13. Be3 $14) 13... c4 14. Bc2 exd5 15. Nxd5 (15. Qxd5 Qb6+ 16. Kh1 Bb7 $15) 15... Nc5 16. Nec3 Nbd7 17. Be3 Bb7 18. b4 cxb3 19. axb3 $40 {[%emt 0:00:23][%cal Ba2b3,Bb3b4][%mdl 160] Strongly threatening b4. White mounts an attack.} Rc8 {[%emt 0:03:10] This move loses the game for Black.} (19... a5 $1 $11) 20. b4 $18 Ne6 {[%emt 0:01:04][%cal Of8b4] [#]} 21. Qd3 $1 g6 22. Rad1 Qh4 (22... a5 $142) 23. Qe2 Ng7 (23... Qh5 {might work better.} 24. Qxh5 gxh5) 24. Ne4 Kh8 25. Ng5 Bxd5 26. Rxd5 Re7 27. g3 Qh5 28. Qd2 Rxc2 29. Qxc2 {[%emt 0:00:07][%cal Od5d7] Threatens to win with Rxd7!} Nf5 30. Bf2 Kg7 31. Qb2 {[%emt 0:02:45][%cal Od5d7] Black must now prevent Rxd7!} Kg8 32. Rfd1 Nxe5 33. Rd8 f6 34. fxe5 fxg5 {[%emt 0:03:01] [#]} 35. e6 $1 {[%emt 0:03:24][%cal Od8f8][%mdl 512] White wants to mate with Rxf8+!} Rxe6 (35... Qh6 36. Bc5) 36. Bc5 (36. R1d7 $142 Ne7 37. Qb3 Qg4 38. Rxe7 Qc4 39. Qf3 (39. Rxe6 Qxb3 40. Ree8 Qxb4 $16) (39. Qxc4 bxc4 40. Rxe6 c3 41. Re7 c2 42. Be3 h5 43. Kg2 c1=Q 44. Bxc1 h4) 39... Qc1+ 40. Kg2 (40. Rd1 Qxd1+ 41. Qxd1 Bxe7 $18) 40... Qf4 41. gxf4 (41. Rxe6 Qxf3+ 42. Kxf3 Kf7 $18)) 36... Re8 37. Qb3+ {[%emt 0:00:53] White mates.} Kg7 38. Rxe8 Bxc5+ 39. bxc5 {[%emt 0:00:13] Weighted Error Value: White=0.08 (flawless) /Black=0.67.  Mistake:       	White=1     	Black=3      Inaccurate:     	---       	Black=5      OK:         	White=8     	Black=6      Best:        	---       	Black=1      Strong:       	White=1     	---} 1-0

[Event "Chess Ladies Graz 2024"]
[Site "Graz"]
[Date "2024.03.01"]
[Round "7.1"]
[White "Froewis, Annika"]
[Black "Daulyte-Cornette, Deimante"]
[Result "0-1"]
[ECO "B32"]
[WhiteElo "2133"]
[BlackElo "2372"]
[Annotator "TA"]
[PlyCount "128"]
[EventDate "2024.02.25"]
[EventType "tourn"]
[EventCountry "AUT"]
[SourceTitle "playchess.com"]
[Source "ChessBase"]
[SourceQuality "1"]
[TimeControl "40/5400+30:1800+30"]

1. e4 c5 2. Nf3 Nc6 3. d4 cxd4 4. Nxd4 e5 5. Nb5 d6 6. N1c3 a6 7. Na3 Be7 8. Nc4 b5 9. Ne3 Nf6 10. Bd3 O-O {[%emt 0:03:23] Weiß steht etwas besser.} 11. O-O Nb4 12. Be2 Be6 13. Bf3 Rc8 14. g3 (14. a4 $5) 14... Qd7 15. a3 Nc6 16. Bg2 Bd8 17. Qd3 (17. Ncd5 {verdient Beachtung.}) 17... Bb6 18. Rd1 (18. Ncd5 $11 Bxd5 19. exd5) 18... Nd4 $15 19. Kh1 Rfd8 20. b3 Rc7 21. Bb2 Qc8 22. Rac1 Ba5 23. b4 Bb6 24. Qd2 Ba7 25. Ba1 h6 {[%emt 0:00:33] Schwarz hat aktiveres Spiel.} 26. Rf1 Bc4 27. Rfd1 Kh8 28. Bb2 Ng4 29. Nxc4 Rxc4 30. Rf1 $1 Nf6 $36 {[%emt 0:01:50][%mdl 2048] Schwarz steht aktiver.} 31. h3 (31. Qd3 $15) 31... Ne6 (31... Rd7 $19 {Und jetzt ...Rdc7 wäre schön.} 32. f4 Kg8 (32... Rdc7 33. fxe5 Nh5 34. exd6 $17)) 32. f4 $2 (32. h4 $17) 32... Bd4 $19 33. Rf3 exf4 34. gxf4 {[%emt 0:00:39] [#]} Nxf4 35. Rxf4 (35. Qxf4 $2 Bxc3 36. Bxc3 Rxc3 37. Rxc3 Qxc3 $19) 35... Bxc3 36. Bxc3 Rxc3 37. Rxf6 Rxh3+ (37... gxf6 $2 38. Qxh6+ Kg8 39. Bf3 $18) 38. Kg1 $2 (38. Bxh3 $17 Qxh3+ 39. Qh2 Qxh2+ (39... Qxa3 40. Rxh6+ gxh6 41. Qxh6+ Kg8 42. Rg1+) 40. Kxh2 gxf6 41. c4) 38... gxf6 39. Qf4 Rg8 (39... Rxa3 40. Qxf6+ Kg8 41. Rf1 $19) 40. Kf2 Rh5 ({Schlechter ist} 40... Rxa3 41. Qxh6#) ({Bloß nicht} 40... Rg6 41. Bxh3 Qxh3 42. Rg1 Rxg1 (42... Qxa3 43. Rxg6 fxg6 44. Qxh6+ Kg8 45. Qxg6+ Kh8 46. Qxf6+ Kh7 47. Qxd6 $16) 43. Kxg1 $19) 41. Bf3 Rhg5 ({Nicht} 41... Rh3 42. Bg2 $19) 42. Qxf6+ Kh7 43. Qxf7+ R8g7 44. Qf6 (44. Qb3 $142) 44... R5g6 45. Qf5 Qxf5 (45... Qg8 $142 {...Rf7 ist eine echte Drohung.} 46. e5 Rf7) 46. exf5 {[%emt 0:00:03][%mdl 4096] Endspiel. KRR-KRB} Rf6 47. Be4 (47. Ke3 $142) 47... Rc7 48. Bd3 h5 49. Ke3 Kh6 50. Kf4 Rg7 {[%emt 0:00:29] Verhindert Rg1.} 51. Kf3 Rg4 52. Re1 Kg5 53. Re8 d5 54. Rg8+ Kh4 55. Rd8 d4 ({Günstiger ist} 55... Rd4 $19 56. Ke3 Rxd3+ 57. cxd3 Rxf5) 56. Be4 {[%emt 0:01:01] [#]} (56. Rh8 $17) 56... Kg5 $2 (56... Rf7 $1 $19 {[%cal Rf7e7] Zielt auf ...Re7 ab.} 57. Re8 Rfg7) 57. Rg8+ $1 $11 Kh4 $2 (57... Kh6 $11 58. Rxg4 hxg4+ 59. Kxg4 Kg7) 58. Rd8 $19 Rf7 {[%emt 0:00:23] Droht stark ...Re7.} 59. Rd6 $2 {[%emt 0:00:29] [#]} (59. Re8) 59... Re7 $1 60. Rxd4 Kg5 61. Ke3 h4 {[%emt 0:00:47] Weiss muss nun ...h3 beachten.} 62. Kd3 (62. f6 $142 Kxf6 63. Kf3 Rg3+ 64. Kf4) 62... h3 {[%emt 0:00:28][%cal Oe7e4] Und ...Rexe4! würde nun gewinnen.} 63. c4 bxc4+ 64. Rxc4 {[%emt 0:00:19] [#]} Rexe4 $1 {[%emt 0:00:16][%mdl 512] Gewichteter Fehlerwert: Weiß=0.82/Schwarz=0.34.  Verlustzug:     	Weiß=2     	---        Gewinn verpasst:   	---       	Schwarz=1     Fehler:       	Weiß=8     	Schwarz=4     Ungenau:       	Weiß=6     	Schwarz=6     OK:         	Weiß=14    	Schwarz=19    Bester:       	Weiß=5     	Schwarz=5     Stark:        	Weiß=2     	Schwarz=1} 0-1

[Event "Chess Ladies Graz 2024"]
[Site "Graz"]
[Date "2024.03.01"]
[Round "7.2"]
[White "Schloffer, Jasmin-Denise"]
[Black "Atalik, Ekaterina"]
[Result "1/2-1/2"]
[ECO "E51"]
[WhiteElo "2151"]
[BlackElo "2405"]
[Annotator "RC"]
[PlyCount "169"]
[EventDate "2024.02.25"]
[EventType "tourn"]
[EventCountry "AUT"]
[SourceTitle "playchess.com"]
[Source "ChessBase"]
[SourceQuality "1"]
[TimeControl "40/5400+30:1800+30"]

1. d4 Nf6 2. c4 e6 3. Nc3 Bb4 4. e3 O-O 5. Bd2 d5 6. Nf3 b6 7. cxd5 exd5 8. Rc1 Bb7 9. Bd3 Re8 10. O-O Nbd7 11. Nb5 Bd6 12. Nxd6 cxd6 13. Bb4 Ne4 14. Nd2 Ndf6 15. f3 Ng5 16. Re1 a5 17. Ba3 Qd7 18. Qe2 Ne6 19. Qf2 Ba6 20. Bf5 Rec8 21. Rxc8+ Rxc8 22. Qg3 g6 23. Bb1 Rc6 24. b3 b5 25. b4 a4 26. Bb2 Rc8 27. a3 Ne8 28. Bd3 N8c7 29. Rc1 Na8 30. Rxc8+ Bxc8 31. Nb1 Nb6 32. Nc3 Nc7 33. Ne2 Qe7 34. Bc1 Be6 35. Nf4 Qd7 36. Qe1 Qc6 37. Qd2 Nc4 38. Qc2 Qb6 39. Ne2 Ne8 40. Kf2 Ng7 41. Nf4 Qa7 42. Qe2 Qb7 43. g4 Qe7 44. Kg2 g5 45. Nh3 h6 46. Nf2 f5 47. h3 Bd7 48. Nd1 fxg4 49. fxg4 Ne8 50. Nc3 Nf6 51. Qf3 Qf7 52. Bxc4 bxc4 53. Bd2 Qe6 54. Be1 Be8 55. Bf2 Bg6 56. Qd1 h5 57. gxh5 Bxh5 58. Qg1 Qf5 59. Kh2 Qc2 60. Qe1 Bf3 61. Kg3 g4 62. hxg4 Qg6 63. Qg1 Bxg4 64. Be1 Kf7 65. Qf2 Qh6 66. Qf4 Qh1 67. Kf2 Kg6 68. b5 Bh5 69. Qxd6 Qf3+ 70. Kg1 Qxe3+ 71. Kf1 Qd3+ 72. Kg2 Bf3+ 73. Kf2 Bg4 74. Qf4 Bf5 75. b6 Ne4+ 76. Nxe4 dxe4 77. Qg3+ Qxg3+ 78. Kxg3 Bc8 79. Kf4 Bb7 80. Ke5 e3 81. Kf4 Kf6 82. Kxe3 Ke6 83. Kd2 Kd5 84. Kc3 Kc6 85. Kxc4 1/2-1/2

[Event "Chess Ladies Graz 2024"]
[Site "Graz"]
[Date "2024.03.01"]
[Round "7.3"]
[White "Mkrtchian, Lilit"]
[Black "Brunello, Marina"]
[Result "1/2-1/2"]
[ECO "A15"]
[WhiteElo "2378"]
[BlackElo "2345"]
[Annotator "RC"]
[PlyCount "168"]
[EventDate "2024.02.25"]
[EventType "tourn"]
[EventCountry "AUT"]
[SourceTitle "playchess.com"]
[Source "ChessBase"]
[SourceQuality "1"]
[TimeControl "40/5400+30:1800+30"]

1. Nf3 Nf6 2. c4 b6 3. g3 Bb7 4. Bg2 g6 5. b3 Bg7 6. Bb2 O-O 7. O-O d6 8. d4 Nbd7 9. Qc2 e6 10. Nc3 c5 11. e4 Qe7 12. Rad1 a6 13. a4 Rac8 14. Rfe1 cxd4 15. Nxd4 Ba8 16. Ba3 e5 17. Nde2 Nc5 18. b4 Ne6 19. Nd5 Qa7 20. Qb3 Rfd8 21. Bc1 a5 22. Be3 Rb8 23. Nec3 Bc6 24. bxa5 Bxd5 25. cxd5 Nc5 26. axb6 Rxb6 27. Bxc5 dxc5 28. Nb5 Qa5 29. Qc4 Ra6 30. Qxc5 Qxa4 31. Nc3 Qd7 32. Qb5 Qa7 33. Bf1 Ra3 34. Qc4 Ng4 35. Re2 Qa5 36. Nb5 Ra4 37. Qc7 Qa8 38. h3 Rc8 39. Qb6 Ra6 40. Nc7 Rxb6 41. Nxa8 Rxa8 42. hxg4 Bf8 43. Rc2 Bd6 44. Rc6 Rab8 45. Ra1 Bf8 46. Bc4 R6b7 47. Ra2 Rd8 48. Kg2 Bd6 49. Raa6 Bb8 50. Rab6 Rxb6 51. Rxb6 h6 52. Kf3 Bd6 53. Ke2 Kf8 54. Rb7 Kg7 55. Bb3 Kf8 56. Bc4 Kg7 57. Kd3 Kf8 58. f3 Kg7 59. Rb6 Kf8 60. Ra6 Ke7 61. Bb5 Kf8 62. Kc4 Rc8+ 63. Bc6 Rb8 64. Bb5 Rc8+ 65. Bc6 Rb8 66. Ra7 Rb4+ 67. Kc3 Rd4 68. Rd7 Bb4+ 69. Kc2 g5 70. Bb5 Bc5 71. Bd3 Be7 72. Rb7 Bd6 73. Kc3 Be7 74. Bc4 Bd6 75. Rd7 Be7 76. Ra7 Bd6 77. Ra8+ Kg7 78. Rd8 Be7 79. Re8 Bd6 80. Rc8 Kf6 81. Rd8 Bc5 82. Rd7 Be7 83. Rb7 Bd6 84. Rd7 Be7 1/2-1/2

[Event "Chess Ladies Graz 2024"]
[Site "Graz"]
[Date "2024.03.01"]
[Round "7.4"]
[White "Trippold, Denise"]
[Black "Mayrhuber, Nikola"]
[Result "1/2-1/2"]
[ECO "A17"]
[WhiteElo "2141"]
[BlackElo "2009"]
[Annotator "RC"]
[PlyCount "125"]
[EventDate "2024.02.25"]
[EventType "tourn"]
[EventCountry "AUT"]
[SourceTitle "playchess.com"]
[Source "ChessBase"]
[SourceQuality "1"]
[TimeControl "40/5400+30:1800+30"]

1. c4 Nf6 2. Nf3 e6 3. e3 d5 4. Nc3 b6 5. b3 Bb7 6. Bb2 c5 7. cxd5 exd5 8. d4 Nbd7 9. Be2 Bd6 10. O-O Rc8 11. dxc5 bxc5 12. b4 cxb4 13. Nb5 Bb8 14. a3 a5 15. axb4 axb4 16. Qb3 Qe7 17. Na7 Rc7 18. Nb5 Rc8 19. Na7 Rc7 20. Nd4 O-O 21. Nab5 Rc4 22. Nf5 Qc5 23. Nbd4 Qc7 24. f4 Nc5 25. Qd1 Nce4 26. Qe1 Re8 27. Qh4 Bc8 28. Bd3 Ba7 29. Rf3 Bxd4 30. Nxd4 Bd7 31. Ne2 Bg4 32. Bxe4 Rcxe4 33. Bxf6 gxf6 34. Qxg4+ Kf8 35. Qh5 Rxe3 36. Qh6+ Kg8 37. Rxe3 Qc5 38. Kh1 Qxe3 39. Ng1 Qd4 40. Rc1 b3 41. Qh3 b2 42. Rb1 Rb8 43. Qg4+ Kf8 44. Qe2 Qc3 45. h3 d4 46. Kh2 d3 47. Qd1 Qc2 48. Qf1 d2 49. Nf3 Rd8 50. Rd1 b1=Q 51. Rxb1 d1=Q 52. Rxd1 Rxd1 53. Qb5 Qf2 54. Qb8+ Kg7 55. Qc8 h5 56. Qf5 h4 57. Qg4+ Kf8 58. Nxh4 Qg1+ 59. Kg3 Qe1+ 60. Kh2 Qg1+ 61. Kg3 Qe1+ 62. Kh2 Qg1+ 63. Kg3 1/2-1/2

[Event "Chess Ladies Graz 2024"]
[Site "Graz"]
[Date "2024.03.01"]
[Round "7.5"]
[White "Polterauer, Chiara"]
[Black "Bodnaruk, Anastasia"]
[Result "1/2-1/2"]
[ECO "B81"]
[WhiteElo "2189"]
[BlackElo "2340"]
[Annotator "TA"]
[PlyCount "84"]
[EventDate "2024.02.25"]
[EventType "tourn"]
[EventCountry "AUT"]
[SourceTitle "playchess.com"]
[Source "ChessBase"]
[SourceQuality "1"]
[TimeControl "40/5400+30:1800+30"]

1. e4 c5 2. Nf3 d6 3. d4 cxd4 4. Nxd4 Nf6 5. Nc3 a6 6. h3 e6 7. g4 Be7 8. g5 Nfd7 9. h4 b5 {[%emt 0:00:44] Weiß hat minimalen Vorteil.} 10. a3 Bb7 11. Bg2 Nc6 12. h5 (12. f4 $11) 12... Bxg5 (12... Nxd4 $17 13. Qxd4 Bxg5) 13. Nxc6 $11 Bxc6 14. Qxd6 Rc8 15. Qg3 Bxc1 16. Rxc1 (16. Qxg7 $2 Ke7 17. Rxc1 Rg8 $19) 16... O-O 17. h6 {[%emt 0:03:23][%csl Gh6][%cal Rg3g7] [#]} g6 18. O-O a5 (18... Qc7 {vereinfacht} 19. Qxc7 Rxc7 20. Rfe1 Rfc8) 19. Rfd1 Qe7 20. Rd6 b4 21. axb4 axb4 {[%emt 0:00:04][%cal Of7f5] ...f5! ist eine echte Drohung.} 22. Na2 f5 {[%emt 0:00:23] [#] Zielt auf ...f4 ab.} 23. Rcd1 (23. Nxb4 Bb7 $16) 23... Nf6 (23... f4 24. Qg4 Rce8 25. Nxb4 (25. Rxc6 Ne5 $17)) 24. Qe5 Bxe4 (24... Ng4 $11 25. Qxe6+ (25. Rxe6 Qf7 $11) 25... Qxe6 26. Rxe6 b3 27. cxb3 Bxe4 28. Bxe4 fxe4) 25. Rxe6 $14 Qf7 26. Bxe4 ({Günstiger ist} 26. Re7 $16 Rce8 (26... Qxa2 27. Rg7+ Kh8 28. Rdd7 Qb1+ 29. Bf1) 27. Rxf7 (27. Nxb4 $2 Qxe7 28. Qxe7 Rxe7 $19) 27... Rxe5 28. Rg7+ Kh8 29. Nxb4) 26... fxe4 $11 27. Re7 Rce8 ({Schwächer ist} 27... Qxa2 28. Rg7+ Kh8 29. Rdd7 Qb1+ 30. Kg2) 28. Rxf7 (28. Nxb4 $2 {ist das falsche Schlagen.} Rxe7 (28... Qxe7 $2 29. Qxe7 Rxe7 30. Nd5 $19) 29. Qc3 Ng4 30. Qg7+ Qxg7 31. hxg7 Rxf2 $19 (31... Nxf2 $2 {geht unter.} 32. gxf8=Q+ Kxf8 33. Kxf2 $18) (31... Kxg7 $2 32. Nc6 $19)) 28... Rxe5 29. Rxf8+ Kxf8 30. Nxb4 {[%emt 0:00:11][%mdl 4096] Endspiel. KRN-KRN} Rg5+ 31. Kf1 Rf5 32. Ke2 Ng4 33. Rf1 Nxh6 {[%emt 0:02:57] Die Stellung ist ausgeglichen.} 34. f3 exf3+ 35. Rxf3 Rxf3 36. Kxf3 {[%emt 0:00:07] KN-KN} Ke7 37. Kf4 Nf7 38. c4 h5 39. Nd3 g5+ 40. Kf5 Nd6+ 41. Kxg5 Nxc4 42. Kxh5 Nxb2 {[%emt 0:00:35] Gewichteter Fehlerwert: Weiß=0.15 (sehr präzise) /Schwarz=0.13 (sehr präzise) .  Fehler:       	Weiß=2     	Schwarz=2     Ungenau:       	Weiß=4     	Schwarz=3     OK:         	Weiß=20    	Schwarz=16    Bester:       	Weiß=1     	Schwarz=2} 1/2-1/2

[Event "Chess Ladies Graz 2024"]
[Site "Graz"]
[Date "2024.03.02"]
[Round "8.1"]
[White "Daulyte-Cornette, Deimante"]
[Black "Bodnaruk, Anastasia"]
[Result "1/2-1/2"]
[ECO "B95"]
[WhiteElo "2372"]
[BlackElo "2340"]
[Annotator "TA"]
[PlyCount "62"]
[EventDate "2024.02.25"]
[EventType "tourn"]
[EventCountry "AUT"]
[SourceTitle "playchess.com"]
[Source "ChessBase"]
[SourceQuality "1"]
[TimeControl "40/5400+30:1800+30"]

1. e4 c5 2. Nf3 d6 3. d4 cxd4 4. Nxd4 Nf6 5. Nc3 a6 6. Bg5 e6 7. Qf3 Be7 8. O-O-O Nbd7 9. g4 h6 10. Bd2 Qc7 11. h4 {[%emt 0:09:40] Strongly threatening g5.} Ne5 12. Qg2 {[%emt 0:00:51] Threatens to win with g5.} Nexg4 13. f3 Ne5 14. h5 $36 {[%emt 0:00:35][%mdl 2048] White has some pressure.} (14. Qxg7 Ng6 15. h5 (15. Bxh6 $2 Nh5 $19) 15... Rh7 $17) 14... Kf8 15. f4 Nc4 (15... Nc6 $11 16. Nxc6 bxc6) 16. Bxc4 $14 Qxc4 17. Be3 Bd7 (17... e5 $1 $11) 18. e5 $16 Nd5 {[%emt 0:01:15] [#]} 19. Nf5 exf5 20. Nxd5 (20. Rxd5 $2 Bc6 21. Rf1 (21. Rg1 $2 Rg8 $19) 21... Rd8 $19 (21... Bxd5 $2 22. Nxd5 Qc6 23. exd6 $19) (21... dxe5 $2 22. fxe5 Bxd5 23. Nxd5 $19)) 20... Bc6 {[%emt 0:05:45] Black is weak on the dark squares} 21. Rhg1 Rg8 (21... Rh7 $142) 22. b3 {[%emt 0:02:23] The board is on fire. White is more active.} Bxd5 23. Rxd5 Qc6 24. exd6 Bxd6 {[%emt 0:00:28] [#]} 25. Rxd6 Qxd6 $11 26. Qxb7 Re8 ({Better is} 26... Rd8 $1 $11 27. Qa7 Rd7 28. Qa8+ Rd8) 27. Qa7 $1 $14 {[%emt 0:05:36][%mdl 1024] White has compensation.} Re7 $1 28. Qa8+ Re8 29. Qa7 Re7 $1 30. Qa8+ (30. Qc5 $5 Qc7 31. Bd4 $11) 30... Re8 31. Qa7 {[%emt 0:00:03] Threatening mate with Bc5.} Re7 $1 {[%emt 0:00:12] Weighted Error Value: White=0.19 (very precise) /Black=0.20 (precise) .  Mistake:       	White=1     	Black=4      Inaccurate:     	White=1     	---        OK:         	White=9     	Black=5      Best:        	White=3     	Black=4      Strong:       	White=1     	Black=3      Brilliant:      	White=1     	---} 1/2-1/2